cohdb
Replays
Latest Replays
All Replays
Popular Replays
Top Player Replays
Match Explorer
How It Works
Community
CoH3 Stats
Reddit
Sign in to upload your games and track your stats! →
Sign in with Steam
Match 41779657
Unlisted
Match 41779657
Overview
Messages
Build Orders
End
Selects Australian Defense Battlegroup
Selects Australian Light Infantry Section
Australian Light Infantry Section
Construct Section Command Post
Vickers Machine Gun Team
Australian Light Infantry Section
Australian Light Infantry Section
Construct Platoon Command Post
Selects Defensive Tactics
Selects CMP 15cwt Supply Run
Australian Light Infantry Section
Construct Company Command Post
CMP 15cwt Supply Run
Selects Artillery Trip Wire Flares
Matilda II Heavy Tank
AI Takeover
johnson
ItsBrettos
vonAJ
MrXanathos
Blacky
HRE Wasnt German
ilya_anatoli4
baegi
0
0
Comments
sign in to comment!
No comments posted yet!